 Dungeon Crawl Stone Soup version 0.27.0-1-g7a089689b8 (webtiles) character file.

Game seed: 6425628903390135669

1440 sanka the Magician (level 9, -4/60 HPs)
             Began as a Djinni Fighter on Aug 5, 2021.
             Was a Follower of Makhleb.
             Shot with a sling bullet by Joseph (11 damage)
             ... on level 7 of the Dungeon.
             The game lasted 00:21:44 (9311 turns).

sanka the Magician (Djinni Fighter)                 Turns: 9311, Time: 00:21:45

Health: -4/60      AC: 11    Str: 15    XL:     9   Next: 4%
Gold:   248        EV: 13    Int: 13    God:    Makhleb [*.....] SH:  0 Dex: 13

rFire    + + .     SeeInvis .   a - +3 long sword (vamp)
rCold    x . .     Faith    .   (no shield)
rNeg     . . .     Spirit   .   t - +0 robe
rPois    ∞         Reflect  .   (no helmet)
rElec    .         Harm     .   (no cloak)
rCorr    .         Rampage  .   j - +0 pair of gloves
Will     .....                  (boots unavailable)
Stlth    +.........             (no amulet)
HPRegen  0.20/turn              q - +4 ring of protection
MPRegen  0.00/turn              A - +4 ring of protection

@: flying
A: sickness immunity, fire resistance 2, cold vulnerability 1, float, innate
caster, hp casting, extra vitality 1
a: Renounce Religion


You were on level 7 of the Dungeon.
You worshipped Makhleb.
Makhleb was aware of your devotion.
You visited 2 branches of the dungeon, and saw 8 of its levels.
You also visited: Ossuary.

You collected 524 gold pieces.
You spent 276 gold pieces at shops.


Innate Abilities, Weirdness & Mutations

You are immune to sickness and miasma.
You are immune to poison.
Your flesh is very heat resistant. (rF++)
You are vulnerable to cold. (rC-)
You float through the air rather than walking.
You learn spells naturally, not from books.
Your magical power is your life essence.
You have superior vitality. (+4 HP)


   Skills:
 - Level 3.0 Fighting
 - Level 4.4 Long Blades
 - Level 3.0 Armour
 + Level 5.0 Dodging
 - Level 3.0 Shields
 + Level 6.1 Spellcasting


You had 10 spell levels left.
You knew the following spells:

 Your Spells              Type           Power      Damage    Failure   Level
c - Ice Form              Ice/Tmut       20%        N/A       13%         4
x - Call Canine Familiar  Summ           20%        N/A       4%          3
z - Summon Small Mammal   Summ           80%        N/A       1%          1
Z - Static Discharge      Conj/Air       20%        N/A       1%          2
Your spell library was empty.

Inventory:

Hand Weapons
 a - a +3 vampiric long sword (weapon)
Armour
 b - a +0 scale mail
 c - a +0 kite shield
 j - a +0 pair of gloves (worn)
 t - a +0 robe (worn)
 C - the +4 chain mail "Jasak" {rF+} rF: It protects you from fire.
Magical Staves
 B - a staff of poison
Jewellery
 k - a ring of fire
 q - a +4 ring of protection (left hand)
 x - a +6 ring of intelligence
 z - an amulet of magic regeneration
 A - a +4 ring of protection (right hand)
Wands
 r - a wand of flame (22)
 y - a wand of polymorph (7)
Scrolls
 f - 2 scrolls of enchant weapon
 h - a scroll of enchant armour
 n - 4 scrolls of teleportation {@r4}
 s - a scroll of blinking {unknown}
 v - a scroll of fear
 w - 2 scrolls of vulnerability {!r}
Potions
 d - 2 potions of might
 e - 3 potions of brilliance {unknown}
 g - a potion of heal wounds {unknown}
 i - 2 potions of berserk rage {unknown}
 l - 2 potions of ambrosia {unknown}
 m - 3 potions of lignification {unknown}
 o - 3 potions of curing {unknown}
 p - a potion of flight {unknown}
 u - 3 potions of attraction {!q}
 D - a potion of haste {unknown}
 E - a potion of invisibility {unknown}

Dungeon Overview and Level Annotations

Branches:
Dungeon (7/15)             Temple (1/1) D:5         Ossuary (visited)

Altars:
Cheibriados
Dithmenos
Elyvilon
Fedhas
Gozag
Makhleb
Okawaru
Sif Muna
Uskayaw
Vehumet
Wu Jian
Xom
Zin

Shops:
D:2 *

Annotations:
D:5 4 runed translucent doors, Crazy Yiuf; MoonlitKnight's ghost, novice MiBe; Nattefrost's ghost, novice MiMo; inmateoo's ghost, amateur DsVM
D:7 exclusion: komodo dragon, Joseph

▒▒ ..▒ ▒.▒
▒.▒▒▒▒ .
▒.▒▒.▒▒▒▒▒▒...
▒.▒▒..........
▒...>.........
▒...Rh▒▒▒▒▒...
▒.▒▒▒.▒
▒..<▒.@......
▒▒▒▒▒▒▒......
.....▒ ▒▒▒.▒ ▒


You could see Joseph and a friendly hound (summoned).


Message History

Menkaure hits you!!
Your hound bites Menkaure but does no damage.
Menkaure hits you but does no damage.
Joseph moves out of view.
You hit Menkaure.
Menkaure is moderately damaged.
Your hound bites Menkaure.
Menkaure hits you but does no damage.
Your hound bites Menkaure but does no damage.
Unknown command.
You slash Menkaure!
Menkaure is severely damaged.
Your hound bites Menkaure.
Menkaure calls on the powers of darkness!
Your hound convulses!
Your body is wracked with pain!
* * * LOW HITPOINT WARNING * * *
Your hound barely misses Menkaure.
You hit Menkaure.
Menkaure is almost destroyed.
Menkaure hits you!
* * * LOW HITPOINT WARNING * * *
Your hound bites Menkaure.
Menkaure is destroyed!
Makhleb accepts your kill.
Joseph unwields a +0 quarterstaff.
Joseph wields a +0 hunting sling.
Joseph shoots a sling bullet.
The sling bullet hits you!
You die...

Action                   |  1- 3 |  4- 6 |  7- 9 || total
-------------------------+-------+-------+-------++-------
Melee: Long sword        |   107 |   192 |   177 ||   476
 Cast: Call Canine Famil |       |       |    12 ||    12
Evoke: Wand              |       |       |     2 ||     2
  Use: Scroll            |       |       |     8 ||     8
 Stab: Distracted        |       |       |     1 ||     1
Armor: Scale mail        |    57 |    89 |       ||   146
       Robe              |       |       |    88 ||    88
Dodge: Dodged            |    21 |    60 |    94 ||   175
Block: Kite shield       |    56 |    89 |       ||   145
       Rpst.: Long sword |     6 |    17 |    28 ||    51

Levels and vault maps discovered:
D:1:      minmay_arrival_jagged, layout_loops_corners
D:2:      layout_loops_ring, shapermc_ecumenical_altar_hornbeckon, serial_shops,
          nicolae_diamond_shop, chequers_serial_rivers_micro_c,
          minmay_misc_feat_x
D:3:      layout_basic, minmay_between
D:4:      layout_basic, minmay_fire_ice_demons
D:5:      layout_basic, minmay_temple_entry_antechambers,
          gammafunk_ghost_cemetery, uniq_crazy_yiuf_cottage
D:6:      layout_cave_pools, chequers_ossuary_entry_cave
D:7:      layout_basic, hangedman_abyss_or_decor_lesser_grid, uniq_joseph,
          uniq_menkaure
Temple:   nicolae_temple_the_god_donut

Notes
Turn   | Place    | Note
-------+----------+-------------------------------------------
     0 | D:1      | sanka the Djinni Fighter began the quest for the Orb.
     0 | D:1      | Reached XP level 1. HP: 20/20 MP: 0/0
   112 | D:1      | Reached skill level 2 in Long Blades
   350 | D:1      | Reached XP level 2. HP: 19/25 MP: 0/0
   948 | D:1      | Reached skill level 3 in Long Blades
   948 | D:1      | Reached XP level 3. HP: 30/30 MP: 0/0
   948 | D:1      | Learned a level 1 spell: Summon Small Mammal
  1371 | D:2      | Found Ulie's Assorted Antiques.
  1643 | D:2      | Found a faded altar of an unknown god.
  2476 | D:3      | Reached XP level 4. HP: 27/35 MP: 0/0
  3150 | D:3      | Reached skill level 4 in Long Blades
  4036 | D:2      | Reached XP level 5. HP: 35/40 MP: 0/0
  4036 | D:2      | Learned a level 2 spell: Static Discharge
  4309 | D:4      | Noticed a phantom
  4975 | D:2      | Bought a glowing long sword for 156 gold pieces
  5265 | D:4      | Reached skill level 1 in Spellcasting
  5462 | D:4      | Reached skill level 2 in Spellcasting
  5462 | D:4      | Reached XP level 6. HP: 45/46 MP: 0/0
  5544 | D:5      | Entered Level 5 of the Dungeon
  5606 | D:5      | Noticed a black bear
  5850 | D:4      | Reached skill level 3 in Spellcasting
  6404 | D:4      | Reached XP level 7. HP: 35/50 MP: 0/0
  6404 | D:4      | Learned a level 3 spell: Call Canine Familiar
  6562 | D:5      | Reached skill level 4 in Spellcasting
  6648 | D:5      | Found a runed translucent gate.
  6648 | D:5      | Found a runed translucent gate.
  6648 | D:5      | Found a runed translucent gate.
  6652 | D:5      | Noticed MoonlitKnight's ghost (novice MiBe)
  6652 | D:5      | Noticed Nattefrost's ghost (novice MiMo)
  6652 | D:5      | Noticed inmateoo's ghost (amateur DsVM)
  6937 | D:5      | Reached skill level 5 in Spellcasting
  7068 | D:5      | Reached XP level 8. HP: 48/56 MP: 0/0
  7119 | D:5      | Found a staircase to the Ecumenical Temple.
  7130 | D:5      | Reached skill level 1 in Dodging
  7185 | Temple   | Entered the Ecumenical Temple
  7210 | Temple   | Became a worshipper of Makhleb the Destroyer
  7471 | D:5      | Found a runed translucent door.
  7472 | D:5      | Noticed Crazy Yiuf
  7881 | D:6      | Reached skill level 2 in Dodging
  7993 | D:6      | Reached skill level 3 in Dodging
  8274 | D:6      | Found a sand-covered staircase.
  8281 | Ossuary  | Entered an ossuary
  8295 | Ossuary  | Reached skill level 4 in Dodging
  8299 | Ossuary  | Reached * piety under Makhleb
  8729 | D:6      | Reached skill level 6 in Spellcasting
  9098 | D:2      | Bought a dented sapphire amulet for 120 gold pieces
  9191 | D:7      | Reached skill level 5 in Dodging
  9191 | D:7      | Reached XP level 9. HP: 60/60 MP: 0/0
  9191 | D:7      | Learned a level 4 spell: Ice Form
  9205 | D:7      | Identified the +4 chain mail "Jasak" {rF+}
  9221 | D:7      | Noticed a komodo dragon
  9302 | D:7      | Noticed Menkaure
  9308 | D:7      | Noticed Joseph
  9311 | D:7      | Killed Menkaure
  9311 | D:7      | Shot with a sling bullet by Joseph

Vanquished Creatures
  A water moccasin (D:6)
  An ice beast (D:7)
  A black bear (D:5)
  3 phantoms
  2 water moccasin zombies
  A scorpion (D:5)
  A wyvern skeleton (D:5)
  A crimson imp (D:4)
  A centaur zombie (D:6)
  A bullfrog zombie (D:5)
  2 hounds (D:5)
  A gnoll shaman (D:4)
  An orc priest (D:3)
  An iguana (D:4)
  3 orc wizards
  A killer bee zombie (D:5)
  A hound skeleton (D:4)
  8 mummies (Ossuary)
  A howler monkey zombie (D:6)
  5 gnolls
  3 adders
  A white imp (D:4)
  A worm (D:4)
  3 dart slugs
  14 orcs
  7 ball pythons
  3 endoplasms (D:3)
  2 giant cockroaches (D:2)
  A gnoll zombie (Ossuary)
  8 goblins
  4 hobgoblins
  A jackal (D:3)
  6 kobolds
  3 quokkas
  5 bats
  2 frilled lizards
  2 kobold zombies (Ossuary)
  5 orc zombies (Ossuary)
  3 rats
111 creatures vanquished.

Vanquished Creatures (collateral kills)
  Menkaure (D:7)
  A wyvern skeleton (D:5)
  2 jellies
  A gnoll shaman (D:6)
  A hound (D:6)
  An adder (D:6)
  2 gnolls
9 creatures vanquished.

Grand Total: 120 creatures vanquished
